 Dungeon Crawl Stone Soup version 0.29.1-13-g9f3cf754e1 (webtiles) character file.

Game seed: 4619868709394647431

233 hawla the Chiller (level 6, -4/45 HPs)
             Began as a Meteoran Ice Elementalist on Jan 22, 2023.
             Slain by a gnoll
             ... wielding a +2 whip of flaming
             ... led by a gnoll sergeant
              (10 damage)
             ... on level 5 of the Dungeon.
             The game lasted 00:03:40 (577 turns).

hawla the Chiller (Meteoran Ice Elementalist)        Turns: 577, Time: 00:03:41

Health: -4/45      AC:  3    Str: 11    XL:     6   Next: 51%
Magic:  0/12       EV: 12    Int: 18    God:
Gold:   72         SH:  0    Dex: 14    Spells: 4/12 levels left

rFire   . . .      SeeInvis +   b - +1 whip (pain)
rCold   . . .      Faith    .   (no shield)
rNeg    . . .      Spirit   .   a - +0 robe
rPois   .          Reflect  .   (no helmet)
rElec   .          Harm     .   i - +0 cloak
rCorr   .          Rampage  .   (no gloves)
Will    .....                   (no boots)
Stlth   +.........              (no amulet)
HPRegen 0.15/turn               d - ring of see invisible
MPRegen 0.13/turn               (no ring)

@: freezing walls, glowing
A: sense surroundings 1, otherworldly, glowing, explore regen
a: no special abilities


You were on level 5 of the Dungeon.
You visited 2 branches of the dungeon, and saw 6 of its levels.

You collected 72 gold pieces.

Inventory:

Hand Weapons
 b - a +1 whip of pain (weapon)
Armour
 a - a +0 robe (worn)
 i - a +0 cloak (worn)
Jewellery
 d - a ring of see invisible (left hand)
Scrolls
 e - a scroll of identify {unknown}
 f - a scroll of immolation {unknown}
 g - a scroll of acquirement {unknown}
 h - a scroll of blinking {unknown}
Potions
 c - a potion of curing


   Skills:
 - Level 0.1 Fighting
 - Level 2.7 Dodging
 - Level 1.4 Stealth
 - Level 3.8 Spellcasting
 + Level 4.5 Conjurations
 - Level 5.7 Ice Magic


You had 4 spell levels left.
You knew the following spells:

 Your Spells              Type           Power      Damage    Failure   Level
a - Freeze                Ice            96%        1d11      1%          1
b - Frozen Ramparts       Ice            48%        1d8       4%          3
c - Hailstorm             Conj/Ice       21%        3d6       19%         4

Your spell library contained the following spells:

 Spells                   Type           Power      Damage    Failure   Level
 Ozocubu's Armour         Ice            24%        N/A       4%          3
 Inner Flame              Hex/Fire       3%         N/A       41%         3
 Cause Fear               Hex            1%         N/A       83%         4
 Discord                  Hex            1%         N/A       100%        8


Dungeon Overview and Level Annotations

Branches:
Dungeon (5/15) Zot: 2525   Temple (1/1) D:5 Zot: 514

Altars:
Ashenzari
Cheibriados
Fedhas
Gozag
Hepliaklqana
Makhleb
Nemelex Xobeh
Okawaru
Qazlal
Ru
Trog
Uskayaw
Wu Jian
Xom
Yredelemnul


Innate Abilities, Weirdness & Mutations

You passively map a small area around you.
You are easily found by Zot.
You glow in the dark.
You regain HP and MP as you explore.


Message History

Confirm with . or Enter, or press ? or * to list all spells.
The spell is quite dangerous to miscast (19% risk of failure)!
Continue anyway?
Casting: Hailstorm (quite dangerous; 19% risk of failure)
Press: ? - help, Dir - look around, f - activate A cannonade of hail descends around you!
The hail pelts the gnoll sergeant!
The gnoll sergeant is severely wounded.
The hail pelts the gnoll!
The gnoll is heavily wounded.
The gnoll shouts!
The wall freezes the gnoll sergeant but does no damage.
The gnoll sergeant hits you from afar with a +0 trident.
The wall freezes the gnoll.
You kill the gnoll!
The wall freezes the gnoll sergeant.
The gnoll sergeant hits you from afar with a +0 trident!
The wall freezes the gnoll sergeant but does no damage.
The gnoll sergeant hits you from afar with a +0 trident!
* * * LOW HITPOINT WARNING * * *
Casting: Hailstorm (quite dangerous; 19% risk of failure)
Confirm with . or Enter, or press ? or * to list all spells.
You don't have enough magic to cast this spell.
You feel much better.
The frozen ramparts melt away.
The gnoll sergeant barely misses you.
Casting: Hailstorm (quite dangerous; 19% risk of failure)
Confirm with . or Enter, or press ? or * to list all spells.
Casting: Frozen Ramparts (dangerous; 4% risk of failure)
Press: ? - help, Dir - look around, f - activate The walls around you are covered in ice.
The wall freezes the gnoll sergeant.
The gnoll sergeant hits you from afar with a +0 trident!
The wall freezes the gnoll but does no damage.
The gnoll hits you with a +2 whip of flaming!
The gnoll burns you.
You closely miss the gnoll.
The wall freezes the gnoll sergeant.
The gnoll sergeant hits you from afar with a +0 trident!
* * * LOW HITPOINT WARNING * * *
The wall freezes the gnoll.
The gnoll hits you with a +2 whip of flaming!
You die...

, #. .# * #.#.#*
* #.... ,, *, . ,
#...#** * .. ,
#...# , * , , ...
.g)# * *....,
#g.# *
.....##@.######
*,
*#.....)....... ,
#######.#######
##..<##...## *
####..#.......###
....###.>........
#.
#..#†......#.## ,
* #.
#..†.##...##.# ,
* #. #.######.##
,#*


You could see a gnoll sergeant and a gnoll.

Vanquished Creatures
  A necrophage (D:4)
  A scorpion (D:5)
  An orc priest (D:4)
  An orc wizard (D:4)
  An adder (D:3)
  2 gnolls (D:5)
  3 dart slugs
  3 orcs (D:4)
  2 endoplasms
  A giant cockroach (D:2)
  A hobgoblin (D:3)
  4 jackals (D:5)
  A quokka (D:4)
  A ball python (D:3)
  3 kobolds
  A butterfly (Temple)
27 creatures vanquished.

Notes
Turn   | Place    | Note
-------+----------+-------------------------------------------
     0 | D:1      | hawla the Meteoran Ice Elementalist began the quest for the
                  | Orb.
     0 | D:1      | Reached XP level 1. HP: 14/14 MP: 5/5
    54 | D:2      | Reached XP level 2. HP: 10/20 MP: 4/6
   106 | D:3      | Reached skill level 5 in Ice Magic
   106 | D:3      | Reached XP level 3. HP: 22/26 MP: 4/8
   115 | D:3      | Learned a level 3 spell: Frozen Ramparts
   156 | D:3      | Found a sacrificial altar of Ru.
   278 | D:4      | Found a faded altar of an unknown god.
   278 | D:4      | Found a blossoming altar of Fedhas.
   285 | D:4      | Found an iron altar of Okawaru.
   286 | D:4      | Noticed a necrophage
   287 | D:4      | Found a sparkling altar of Nemelex Xobeh.
   300 | D:4      | Killed a necrophage
   301 | D:4      | Reached XP level 4. HP: 9/33 MP: 6/10
   301 | D:4      | Reached XP level 5. HP: 10/38 MP: 6/11
   306 | D:4      | Learned a level 4 spell: Hailstorm
   307 | D:4      | Found a snail-covered altar of Cheibriados.
   371 | D:5      | Entered Level 5 of the Dungeon
   371 | D:5      | Found a staircase to the Ecumenical Temple.
   374 | Temple   | Entered the Ecumenical Temple
   505 | D:5      | Reached XP level 6. HP: 45/45 MP: 8/12
   577 | D:5      | Slain by a gnoll

Illustrated notes

Levels and vault maps discovered:
D:1:      lemuel_arrival_river_bridge, layout_rooms, serial_shops, shop,
          hellmonk_ecumenical_altar_heavens_door
D:2:      layout_rooms
D:3:      layout_rooms, lemuel_doored_altar, old_standard_altar
D:4:      layout_basic, chequers_temple_overflow_minitemple,
          minmay_misc_feat_pillars, grunt_decor_cap, nzn_random_ring
D:5:      layout_loops_ring, minmay_temple_entry_butterflies,
          portal_sewer_entry_e, minmay_misc_feat_ornament
Temple:   cyrus_temple_forest

Skill      XL: |  1  2  3  4  5 |
---------------+----------------+-----
Ice Magic      | 5 |  5.7
Spellcasting   | 3 |  3.8
Conjurations   | 4 |  4.5
Fighting       | |  0.1
Dodging        | |  2.7
Stealth        | |  1.4

Action                   |  1- 3 |  4- 6 || total
-------------------------+-------+-------++-------
Melee: Unarmed           |    10 |       ||    10
       Whip              |       |     3 ||     3
 Cast: Freeze            |    24 |     3 ||    27
       Frozen Ramparts   |     3 |     6 ||     9
       Hailstorm         |       |     3 ||     3
  Use: Potion            |     1 |     4 ||     5
Armor: Robe              |     3 |     1 ||     4
Dodge: Dodged            |    11 |     3 ||    14
